 Dungeon Crawl Stone Soup version 0.30-a0-528-g8c47a4955b (webtiles) character file.

Game seed: 10078386525417848630

11 Shayle the Conjurer (level 2, 9/23 HPs)
             Began as a Demonspawn Reaver on Dec 23, 2022.
             Quit the game on level 2 of the Dungeon.
             The game lasted 00:00:40 (128 turns).

Shayle the Conjurer (Demonspawn Reaver)              Turns: 128, Time: 00:00:41

Health: 9/23       AC:  3    Str: 12    XL:     2   Next: 17%
Magic:  5/5        EV: 11    Int: 14    God:
Gold:   12         SH:  0    Dex: 11    Spells: 4/5 levels left

rFire   . . .      SeeInvis .    d - +0 whip
rCold   . . .      Faith    .    (no shield)
rNeg    . . .      Spirit   .    a - +0 leather armour
rPois   .          Reflect  .    (no helmet)
rElec   .          Harm     .    (no cloak)
rCorr   .          Rampage  .    (no gloves)
Will    .....                    (no boots)
Stlth   +                        (no amulet)
HPRegen 0.23/turn                (no ring)
MPRegen 0.09/turn                (no ring)

@: no status effects
A: hooves 1
a: no special abilities


You were on level 2 of the Dungeon.
You visited 1 branch of the dungeon, and saw 2 of its levels.

You collected 12 gold pieces.

Inventory:

Hand Weapons
 d - a +0 whip (weapon)
Missiles
 c - 5 javelins
Armour
 a - a +0 leather armour (worn)
Potions
 b - a potion of curing {unknown}


   Skills:
 + Level 2.3 Fighting
 + Level 0.7 Armour
 - Level 1.7 Dodging
 + Level 0.9 Stealth
 - Level 2.6 Unarmed Combat
 - Level 2.0 Spellcasting
 - Level 3.0 Conjurations


You had 4 spell levels left.
You knew the following spells:

 Your Spells              Type           Power      Damage    Failure   Level
a - Kiss of Death         Conj/Necr      20%        2d7       16%         1

Your spell library contained the following spells:

 Spells                   Type           Power      Damage    Failure   Level
 Momentum Strike          Conj/Tloc      10%        3d8       24%         2
 Hailstorm                Conj/Ice       5%         3d4       43%         3


Dungeon Overview and Level Annotations

Branches:
Dungeon (1/15)

Altars:

Annotations:
D:2 1 runed translucent door, Crazy Yiuf


Innate Abilities, Weirdness & Mutations

You have large cloven feet.


Message History

You hit the kobold but do no damage. The rat bites you but does no damage.
The kobold hits you with a +0 short sword.
You hit the kobold but do no damage. The rat bites you.
The kobold hits you but does no damage.
You hit the kobold.
You kill the kobold!
The rat barely misses you. The rat closely misses you.
Things that are here:
a +0 short sword; a kobold corpse You hit the rat.
You kill the rat!
A quokka and an adder come into view.
You see here a rat corpse.
The adder hisses angrily.
There is a large open door here.
The quokka attacks as you move away! The quokka bites you. x2
The adder attacks as you move away! The adder barely misses you.
You hit the adder.
The adder is severely wounded.
The adder closely misses you. x2
You barely miss the adder.
The adder is severely wounded.
The adder misses you.
You hit the adder.
You kill the adder!
The quokka bites you.
You have reached level 2!
Your demonic ancestry asserts itself...
Your feet thicken and deform.
You barely miss the quokka. Your kick misses the quokka.
The quokka bites you but does no damage.
You closely miss the quokka.
The quokka bites you but does no damage.
The quokka bites you.
You barely miss the quokka.
The quokka bites you but does no damage.
You hit the quokka but do no damage. The quokka completely misses you.
You barely miss the quokka. The quokka bites you.
Are you sure you want to abandon this character and quit the game? (Confirm with "yes".)

........$.......##.#### #.
#..............##...... .
##......†.....##...## #
##......)...##†....### ##
##........##...#....# #.
######''####.......#.### ##.
...............##..(....#
#.#
#......#.......###......###
##.
#..............r@.........#
#.P
.....###############......##
#P. ..... #...##..# #.. ....
#...###.####.. #... #...#
#.....[. ##### ######.. ###


You could see a quokka.

Vanquished Creatures
  An adder (D:2)
  A kobold (D:2)
  A frilled lizard (D:2)
  A rat (D:2)
4 creatures vanquished.

Notes
Turn   | Place    | Note
-------+----------+-------------------------------------------
     0 | D:1      | Shayle the Demonspawn Reaver began the quest for the Orb.
     0 | D:1      | Reached XP level 1. HP: 16/16 MP: 3/3
    27 | D:1      | You fall into a shaft and drop 1 floor!
    52 | D:2      | Found a runed translucent door.
    53 | D:2      | Noticed Crazy Yiuf
   123 | D:2      | Gained mutation: You have large cloven feet. [demonic
                  | ancestry]
   123 | D:2      | Reached XP level 2. HP: 11/23 MP: 5/5
   128 | D:2      | Quit the game

Illustrated notes

Levels and vault maps discovered:
D:1:      amcnicky_arrival_wind_blow, layout_basic
D:2:      kennysheep_big_flooded_room, layout_rooms, basic_altar,
          uniq_crazy_yiuf_cottage

Action                   || total
-------------------------++-------
Melee: Whip              ||    19
Armor: Leather armour    ||     8
Dodge: Dodged            ||    11

Table legend: (Time is in decaauts)
 A = Elapsed time spent in this place.
 B = Non-inter-level travel time spent in this place.
 C = Inter-level travel time spent in this place.
 D = Time resting spent in this place.
 E = Time spent auto-exploring this place.
 F = Levels seen in this place.
 G = Mean time per level.
                   A        B        C        D        E       F      G
               +--------+--------+--------+--------+--------+-----+--------+
         Total |    129 |    129 |      0 |      0 |     71 |   2 |   64.5 |
       Dungeon |    129 |    129 |      0 |      0 |     71 |   2 |   64.5 |
               +--------+--------+--------+--------+--------+-----+--------+

Top non-repeatable levels by time:
     D:2: 102 daAuts
     D:1: 27 daAuts
